 Dungeon Crawl Stone Soup version 0.21-a0-633-g4c047d5 (webtiles) character file.

104 shenanigans the Skirmisher (level 4, 0/52 HPs)
             Began as a Barachi Skald on Dec 28, 2017.
             Succumbed to a scorpion's poison
             ... on level 4 of the Dungeon.
             The game lasted 00:04:54 (2558 turns).

shenanigans the Skirmisher (Barachi Skald)          Turns: 2558, Time: 00:04:54

Health: 0/52       AC: 22    Str: 18    XL:     4   Next: 80%
Magic:  16/16      EV:  2    Int: 19    God:
Gold:   112        SH:  3    Dex: 11    Spells: 6/7 levels left

rFire    . . .     SeeInvis .   a - +0 hand axe
rCold    . . .     Gourm    .   (no shield)
rNeg     + + +     Faith    .   (armour currently unavailable)
rPois    +         Spirit   .   (helmet currently unavailable)
rElec    .         Reflect  +   (cloak currently unavailable)
rCorr    .         Harm     .   (gloves currently unavailable)
MR       .....     NoTele   +   (boots currently unavailable)
Stlth    ..........             o - +3 amulet of reflection
HPRegen  0.17/turn              i - ring of magical power
MPRegen  0.15/turn              q - ring of loudness (curse)

@: mighty, brilliant, lethally poisoned (0 -> -19), tree-form, hasted, very
quick
A: +LOS, swims
a: no special abilities


You were on level 4 of the Dungeon.
You were not hungry.
You were a tree.
You visited 1 branch of the dungeon, and saw 4 of its levels.

You collected 112 gold pieces.

Inventory:

Hand Weapons
 a - a +0 hand axe (weapon)
Armour
 b - a +0 leather armour
 g - a +0 chain mail (melded)
Jewellery
 i - a ring of magical power (left branch)
 o - a +3 amulet of reflection (around neck)
 q - a cursed ring of loudness (right branch)
Scrolls
 j - a scroll of immolation {unknown}
 l - a scroll of fog {unknown}
 p - a scroll of fear {unknown}
Potions
 f - a potion of haste
 n - a potion of cancellation
Books
 c - a book of Battle

   Spells                             Type                      Level
   a - Infusion                       Charms                       1
   b - Shroud of Golubria             Charms/Translocation         2
   c - Song of Slaying                Charms                       2
   d - Spectral Weapon                Hexes/Charms                 3
   e - Regeneration                   Charms/Necromancy            3
Comestibles
 d - 3 rations


   Skills:
 + Level 3.4 Fighting
 + Level 3.2 Axes
 + Level 2.7 Armour
 + Level 3.2 Dodging
 - Level 2.1 Spellcasting
 - Level 3.2 Charms


You had 6 spell levels left.
You knew the following spells:

 Your Spells              Type           Power        Failure   Level  Hunger
a - Infusion              Chrm           ####         1%          1    #......


Dungeon Overview and Level Annotations

Branches:
Dungeon (4/15)
 Temple: D:4-7

Altars:


Innate Abilities, Weirdness & Mutations

Shadows flee at your approach. (+LOS)
You can swim through water.
((You cover ground slowly.))
((You can hop short distances.))


Message History

The scorpion is heavily wounded.
You feel sick. The scorpion stings you!
* * * LOW HITPOINT WARNING * * *
It was a potion of lignification.
You turn into a tree.
Your +0 chain mail melds into your body.
Your roots penetrate the ground.
* * * LOW HITPOINT WARNING * * *
You feel sick.
It was a potion of might.
You feel very mighty all of a sudden.
* * * LOW HITPOINT WARNING * * *
You feel sick. The scorpion barely misses you.
You slash the scorpion!
The scorpion is almost dead.
* * * LOW HITPOINT WARNING * * *
You feel sick.
The scorpion stings you but does no damage.
You slash the scorpion!
You kill the scorpion!
You die...

##+#### ####.....#
##........## ..
#........... ...
####........## ...
#............###.##
#...♣...........#
#.#...#...........#
#......<..........
####......)..###+#
................?.#
#####.....###.......(
#........# ........
#......... ........
#......#... ....>...


There were no monsters in sight!

Vanquished Creatures
  A scorpion (D:4)
  A worm (D:2)
  A dart slug (D:1)
  5 orcs
  A ball python (D:2)
  3 giant cockroaches
  4 goblins
  A hobgoblin (D:1)
  4 jackals (D:1)
  4 kobolds
  A quokka (D:4)
  8 bats
  5 frilled lizards
  7 rats
46 creatures vanquished.

Notes
Turn   | Place    | Note
-------+----------+-------------------------------------------
     0 | D:1      | shenanigans the Barachi Skald began the quest for the Orb.
     0 | D:1      | Reached XP level 1. HP: 17/17 MP: 3/3
   149 | D:1      | Reached XP level 2. HP: 17/23 MP: 1/5
   931 | D:1      | Reached XP level 3. HP: 28/28 MP: 6/6
  2519 | D:4      | Noticed a scorpion
  2527 | D:4      | Reached XP level 4. HP: 33/35 MP: 7/7
  2557 | D:4      | HP: 2/52 [poisoned by a scorpion]
  2558 | D:4      | Succumbed to a scorpion's poison

Vault maps used:
D:1:      dpeg_arrival_boxes_within_box, serial_glass, glass_columns_b,
          glass_columns_a, minmay_misc_feat_rows, st_stairs_3,
          serial_bayou_pond_e, minmay_pentomino_r2
D:2:      first_ration
D:3:      nicolae_overflow_crystal_walls
D:4:      uniq_robin, uniq_eustachio

Skill      XL: |  1  2  3 |
---------------+----------+-----
Armour         | 2 |  2.7
Fighting       | 3 |  3.4
Axes           | 3 |  3.2
Dodging        | 3 |  3.2
Spellcasting   | |  2.1
Charms         | |  3.2

Action                   |  1- 3 |  4- 6 || total
-------------------------+-------+-------++-------
Melee: Hand axe          |   191 |    19 ||   210
 Cast: Infusion          |     1 |       ||     1
  Use: Potion            |       |     6 ||     6
  Eat: Chunk             |     6 |       ||     6
Armor: Leather armour    |     3 |       ||     3
       Chain mail        |   144 |     5 ||   149
       Skin              |       |     1 ||     1
Dodge: Dodged            |    74 |     6 ||    80
Block: Other             |     4 |     1 ||     5

Table legend:
 A = Spawn XP
 B = Non-spawn XP
 C = Spawn XP percentage of total XP
 D = Spawn monster count
 E = Non-spawn monster count
 F = Spawn count percentage of total count
 G = Total turns spent on level
                    A         B        C        D         E        F      G
               +---------+---------+-------+---------+---------+-------+---------
         Total |       0 |     149 |   0.0 |       0 |      46 |   0.0 |  2558
               +---------+---------+-------+---------+---------+-------+---------
           D:1 |       0 |      39 |   0.0 |       0 |      22 |   0.0 |  1073
           D:2 |       0 |      29 |   0.0 |       0 |      14 |   0.0 |  1276
           D:3 |       0 |       9 |   0.0 |       0 |       7 |   0.0 |   155
           D:4 |       0 |      72 |   0.0 |       0 |       3 |   0.0 |    54
               +---------+---------+-------+---------+---------+-------+---------
